 Dungeon Crawl Stone Soup version 0.28-a0-1190-g77e1c55843 (webtiles) character file.

Game seed: 12905851181653462070

66 ldgsn the Vexing (level 3, 0/16 HPs)
             Began as a Spriggan Enchanter on Dec 18, 2021.
             Succumbed to an adder's poison
             ... on level 3 of the Dungeon.
             The game lasted 00:08:55 (2827 turns).

ldgsn the Vexing (Spriggan Enchanter)               Turns: 2827, Time: 00:08:55

Health: 0/16       AC:  2    Str:  6    XL:     3   Next: 96%
Magic:  9/9        EV: 17    Int: 16    God:
Gold:   36         SH:  0    Dex: 15    Spells: 2/10 levels left

rFire   . . .      SeeInvis +   a - +4 dagger
rCold   + . .      Faith    .   (shield restricted)
rNeg    + . .      Spirit   .   e - +0 robe {rN+}
rPois   .          Reflect  .   (helmet restricted)
rElec   .          Harm     .   (no cloak)
rCorr   .          Rampage  .   (gloves unavailable)
Will    +....                   (boots unavailable)
Stlth   ++........              (no amulet)
HPRegen 0.05/turn               j - ring of willpower
MPRegen 0.11/turn               k - ring of protection from cold

@: lethally poisoned (0 -> -8), invisible, slow
A: very small, no large weapons, unfitting armour, see invisible, speed 3
a: no special abilities


You were on level 3 of the Dungeon.
You visited 1 branch of the dungeon, and saw 3 of its levels.

You collected 73 gold pieces.
You spent 37 gold pieces at shops.

Inventory:

Hand Weapons
 a - a +4 dagger (weapon)
Missiles
 d - 2 atropa-tipped darts (quivered)
Armour
 b - a +0 robe
 e - a +0 robe of positive energy (worn)
Jewellery
 f - a ring of fire
 j - a ring of willpower (left hand)
 k - a ring of protection from cold (right hand)
Scrolls
 g - a scroll of identify
 h - 2 scrolls of teleportation
Potions
 i - a potion of attraction


   Skills:
 - Level 1.1 Short Blades
 - Level 2.6 Dodging
 - Level 4.4 Stealth
 + Level 4.2 Spellcasting
 + Level 4.9 Hexes


You had 2 spell levels left.
You knew the following spells:

 Your Spells              Type           Power      Damage    Failure   Level
a - Ensorcelled Hibernat  Hex/Ice        22%        N/A       9%          2
b - Tukima's Dance        Hex            19%        N/A       7%          3
c - Dazzling Flash        Conj/Hex       22%        N/A       19%         3

Your spell library contained the following spells:

 Spells                   Type           Power      Damage    Failure   Level
 Beastly Appendage        Tmut           6%         N/A       17%         1
 Wereblood                Tmut           3%         N/A       26%         2
 Confusing Touch          Hex            19%        N/A       7%          3
 Spider Form              Tmut/Pois      3%         N/A       45%         3


Dungeon Overview and Level Annotations

Branches:
Dungeon (3/15)

Altars:
Trog

Shops:
D:1 ?   D:2 !

Portals:
Sewer: D:3


Innate Abilities, Weirdness & Mutations

You are very small and have problems with some larger weapons.
You are too small for most types of armour.
You have supernaturally acute eyesight. (SInv)
You cover ground extremely quickly. (Speed+++)


Message History

The dart slug is severely wounded.
You hit the dart slug.
You kill the dart slug!
No target in view!
No target in view!
No target in view!
Found a stone staircase leading down.
You pick up a book of Changes and begin reading...
You add the spells Beastly Appendage, Wereblood and Spider Form to your library.
Unknown command.
Unknown command.
There is a stone staircase leading down here.
You hear the slow rusting of a drain very nearby.
Found a stone staircase leading up.
Found a dagger.
An adder comes into view.
You enter the shallow water.
Moving in this stuff is going to be slow.
Found a glowing drain.
The adder bites you.
You are poisoned.
The adder poisons you!
Unknown command.
Unknown command.
Unknown command.
You miss the adder.
You feel sick. The adder bites you.
You are lethally poisoned!
The adder poisons you! The adder bites you.
You barely miss the adder.
* * * LOW HITPOINT WARNING * * *
You feel very sick. The adder bites you.
* * * LOW HITPOINT WARNING * * *
Unknown command.
Okay, then.
Unknown command.
Okay, then.
Unknown command.
You fade into invisibility!
You die...

###########
#.≈@S≈≈≈≈∩≈ ##
#.############## #..
#.# #.>.....##..# #.#
###.###....#
##########.#
#.....†###
#..........#
##......###
#.....######
######.###.....
#.....#########......#
####..
#................#####
#..


You could see an adder.

Vanquished Creatures
  A worm (D:2)
  2 dart slugs
  5 bats
  7 endoplasms
  2 giant cockroaches (D:1)
  7 goblins
  6 hobgoblins
  6 jackals
  6 kobolds
  5 ball pythons
  2 frilled lizards
  3 rats
52 creatures vanquished.

Notes
Turn   | Place    | Note
-------+----------+-------------------------------------------
     0 | D:1      | ldgsn the Spriggan Enchanter began the quest for the Orb.
     0 | D:1      | Reached XP level 1. HP: 9/9 MP: 5/5
   530 | D:1      | Reached XP level 2. HP: 13/13 MP: 7/7
   533 | D:1      | Learned a level 2 spell: Ensorcelled Hibernation
  1341 | D:1      | Found Liosadd's Magic Scroll Shoppe.
  1356 | D:1      | Bought a scroll of identify for 26 gold pieces
  1693 | D:2      | Reached XP level 3. HP: 16/16 MP: 9/9
  1697 | D:2      | Learned a level 3 spell: Tukima's Dance
  1701 | D:2      | Learned a level 3 spell: Dazzling Flash
  1796 | D:2      | Found Veyleoz's Distillery.
  1804 | D:2      | Bought a potion of degeneration for 11 gold pieces
  2709 | D:3      | Found a bloodstained altar of Trog.
  2823 | D:3      | Found a glowing drain.
  2827 | D:3      | Succumbed to an adder's poison

Illustrated notes

Levels and vault maps discovered:
D:1:      saegor_arrival_miasma, layout_basic, serial_shops, nicolae_square_shop
D:2:      layout_rooms, serial_shops, shop
D:3:      layout_rooms, mainiacjoe_overflow_small_starburst,
          portal_sewer_entry_d, shapermc_ecumenical_altar_hornbeckon,
          chequers_serial_rivers_micro_a, minmay_fractal_squares_gapless_5

Skill      XL: |  1  2  3 |
---------------+----------+-----
Spellcasting   | 3 4 |  4.2
Hexes          | 4 |  4.9
Short Blades   | |  1.1
Dodging        | |  2.6
Stealth        | |  4.4

Action                   || total
-------------------------++-------
Melee: Dagger            ||   154
 Cast: Ensorcelled Hiber ||    11
  Use: Scroll            ||     4
       Potion            ||     1
 Stab: Sleeping          ||    14
Armor: Robe              ||    11
Dodge: Dodged            ||   107

Table legend: (Time is in decaauts)
 A = Elapsed time spent in this place.
 B = Non-inter-level travel time spent in this place.
 C = Inter-level travel time spent in this place.
 D = Time resting spent in this place.
 E = Time spent auto-exploring this place.
 F = Levels seen in this place.
 G = Mean time per level.
                   A        B        C        D        E       F      G
               +--------+--------+--------+--------+--------+-----+--------+
         Total |   2245 |   2227 |     18 |    444 |   1304 |   3 |  748.3 |
       Dungeon |   2245 |   2227 |     18 |    444 |   1304 |   3 |  748.3 |
               +--------+--------+--------+--------+--------+-----+--------+

Top non-repeatable levels by time:
     D:1: 1180 daAuts
     D:2: 893 daAuts
     D:3: 171 daAuts
